 Dungeon Crawl Stone Soup version 0.21-a0-143-g1ab7d47 (webtiles) character file.

116 AverageBear the Cutter (level 4, -2/27 HPs)
             Began as a Deep Elf Fighter on July 26, 2017.
             Killed from afar by Natasha (10 damage)
             ... with a magic dart
             ... on level 2 of the Dungeon.
             The game lasted 00:01:08 (1373 turns).

AverageBear the Cutter (Deep Elf Fighter)           Turns: 1373, Time: 00:01:09

Health: -2/27      AC:  7    Str: 14    XL:     4   Next: 69%
Magic:  6/6        EV:  6    Int: 13    God:
Gold:   55         SH:  8    Dex: 14    Spells: 3/3 levels left

rFire    . . .     SeeInvis .   a - +0 rapier
rCold    . . .     Gourm    .   c - +0 shield
rNeg     . . .     Faith    .   b - +0 scale mail
rPois    .         Spirit   .   (no helmet)
rElec    .         Reflect  .   (no cloak)
rCorr    .         Harm     .   g - +0 pair of gloves
MR       .....                  (no boots)
Stlth    ..........             (no amulet)
HPRegen  0.09/turn              (no ring)
MPRegen  0.10/turn              (no ring)

@: slowed, very slow
A: no striking features
a: no special abilities


You were on level 2 of the Dungeon.
You were hungry.

You visited 1 branch of the dungeon, and saw 2 of its levels.

You collected 55 gold pieces.

Inventory:

Hand Weapons
 a - a +0 rapier (weapon)
Armour
 b - a +0 scale mail (worn)
 c - a +0 shield (worn)
 g - a +0 pair of gloves (worn)
Scrolls
 m - a scroll of random uselessness
Potions
 e - a potion of brilliance
 i - a potion of lignification {unknown}
 j - 2 potions of curing {unknown}
 k - a potion of degeneration {unknown}
 n - a potion of agility {unknown}
Comestibles
 f - 3 bread rations
 h - a chunk of flesh
 l - 2 fruits
 p - a royal jelly


   Skills:
 - Level 2.4 Fighting
 + Level 5.0 Short Blades
 - Level 2.4 Armour
 - Level 2.4 Shields


You had 3 spell levels left.
You didn't know any spells.

Dungeon Overview and Level Annotations

Branches:
Dungeon (2/15)

Altars:

Annotations:
D:2 Natasha


Message History

You barely miss Natasha.
Natasha is almost dead.
You block Natasha's attack.
You closely miss Natasha.
Natasha is almost dead.
You block Natasha's attack. x2
You hit Natasha but do no damage.
Natasha is almost dead.
Natasha casts a spell.
You barely miss Natasha.
Natasha is almost dead.
Natasha claws you but does no damage. You block Natasha's attack.
You closely miss Natasha.
Natasha is almost dead.
Natasha barely misses you.
You hit Natasha but do no damage.
Natasha is almost dead.
Natasha casts a spell at you. The magic dart hits you!
You die...

..... #.# #.####
............##.###.#
..................#
#..........##.#######
#..........#........#
#..........#........#
###........#.'........#
.....5h5# .###........#
#@# .# #........#
#.##.# #........#
+....# #........#
#.#..# #........#
...#..# #........#
.....#..# ###'######
#######.######.#
#........# ##########


You could see Natasha, a crimson imp and a white imp.

Vanquished Creatures
  Natasha (twice) (D:2)
  4 gnolls (D:2)
  2 dart slugs
  A leopard gecko (D:1)
  4 goblins
  5 hobgoblins
  4 bats
  3 frilled lizards (D:1)
  A kobold (D:1)
  2 rats (D:1)
28 creatures vanquished.

Notes
Turn   | Place    | Note
-------+----------+-------------------------------------------
     0 | D:1      | AverageBear the Deep Elf Fighter began the quest for the Orb.
     0 | D:1      | Reached XP level 1. HP: 13/13 MP: 3/3
   177 | D:1      | Reached XP level 2. HP: 18/18 MP: 4/4
   300 | D:1      | Reached skill level 3 in Short Blades
   863 | D:2      | Noticed Natasha
   872 | D:2      | Killed Natasha
   872 | D:2      | Reached skill level 4 in Short Blades
   872 | D:2      | Reached XP level 3. HP: 12/22 MP: 5/5
  1050 | D:2      | Reached XP level 4. HP: 15/27 MP: 6/6
  1144 | D:2      | Noticed Natasha
  1151 | D:2      | Killed Natasha
  1151 | D:2      | Reached skill level 5 in Short Blades
  1353 | D:2      | Noticed Natasha
  1373 | D:2      | Killed from afar by Natasha

Vault maps used:
D:1:      minmay_arrival_jagged
D:2:      overflow_temple_1_default, first_bread,
          minmay_randomly_rotated_circles, uniq_natasha

Skill      XL: |  1  2  3  4 |
---------------+-------------+-----
Short Blades   | 4 5 |  5.0
Fighting       | |  2.4
Armour         | |  2.4
Shields        | |  2.4

Action                   |  1- 3 |  4- 6 || total
-------------------------+-------+-------++-------
Melee: Rapier            |    79 |    32 ||   111
  Use: Scroll            |     2 |       ||     2
       Potion            |     1 |       ||     1
  Eat: Chunk             |       |     1 ||     1
Armor: Scale mail        |    28 |    11 ||    39
Dodge: Dodged            |    22 |    10 ||    32
Block: Shield            |    35 |    21 ||    56
